 Dungeon Crawl Stone Soup version 0.20-a0-830-g2c9a30d (webtiles) character file.

4357 Laan the Cleaver (level 10, -19/105 HPs)
             Began as a Demonspawn Berserker on Mar 7, 2017.
             Was an Elder of Trog.
             Killed from afar by a storm dragon (28 damage)
             ... with a bolt of lightning
             ... on level 8 of the Dungeon.
             The game lasted 00:13:43 (5750 turns).

Laan the Cleaver (Demonspawn Berserker)             Turns: 5750, Time: 00:13:43

Health: -19/105    AC: 16    Str: 26    XL:     10   Next: 12%
Magic:  10/10      EV:  7    Int:  9    God:    Trog [****..]
Gold:   406        SH:  0    Dex: 12    Spells: 9/9 levels left

rFire    . . .     SeeInvis .   D - +2 war axe (freeze)
rCold    . . .     Gourm    .   H - +0 plate armour
rNeg     . . .     Faith    .   (no shield)
rPois    .         Spirit   .   (no helmet)
rElec    .         Reflect  .   l - +1 cloak {+Inv}
rCorr    .         Harm     .   (no gloves)
MR       .....                  w - +0 pair of boots
Stlth    ..........             s - amulet of rage
Regen    0.3/turn               f - +5 ring of slaying
MPRegen  0.2/turn               d - ring of stealth

@: berserking, very quick
A: hooves 2, thin metallic scales 1, demonic guardian 1, powered by death 2
a: Berserk, Trog's Hand, Brothers in Arms, Burn Spellbooks, Renounce Religion,
Evoke Berserk Rage, Evoke Invisibility


You were on level 8 of the Dungeon.
You worshipped Trog.
Trog was greatly pleased with you.
You were hungry.

You visited 1 branch of the dungeon, and saw 8 of its levels.

You collected 406 gold pieces.

Inventory:

Hand Weapons
 D - a +2 war axe of freezing (weapon)
Armour
 l - a +1 cloak of invisibility (worn)
 w - a +0 pair of boots (worn)
 H - a +0 plate armour (worn)
Jewellery
 d - a ring of stealth (left hand)
 f - a +5 ring of slaying (right hand)
 s - an amulet of rage (around neck)
Wands
 u - a wand of paralysis (12/24)
 y - a wand of flame (19/48)
 z - a wand of flame (10/48)
 B - a wand of acid (6/15)
 F - a wand of polymorph (10/24)
Scrolls
 e - 2 scrolls of amnesia {unknown}
 g - 13 scrolls of identify
 i - 3 scrolls of remove curse {unknown}
 q - a scroll of fog {unknown}
 r - 2 scrolls of magic mapping {unknown}
 x - 3 scrolls of vulnerability {unknown}
 C - 2 scrolls of fear {unknown}
Potions
 a - 2 potions of lignification {unknown}
 j - 4 potions of curing {unknown}
 m - 2 potions of flight {unknown}
 n - a potion of heal wounds {unknown}
 o - a potion of berserk rage {unknown}
 p - a potion of ambrosia {unknown}
 t - a potion of magic {unknown}
 v - 3 potions of haste {unknown}
 E - a potion of mutation {unknown}
Comestibles
 b - 2 meat rations
 c - 6 bread rations
 h - 9 royal jellies
 k - 12 fruits
 A - 23 chunks of flesh


   Skills:
 + Level 3.0 Fighting
 + Level 13.3 Axes
 + Level 1.8 Armour
 - Level 1.7 Dodging


You had 9 spell levels left.
You didn't know any spells.

Dungeon Overview and Level Annotations

Branches:
Dungeon (8/15)             Temple (0/1) D:4
   Lair: D:8-11

Altars:
Fedhas
Kikubaaqudgha
Makhleb
Nemelex Xobeh
Okawaru
Uskayaw
Vehumet
Wu Jian

Shops:
D:7 (   D:8 =}


Innate Abilities, Weirdness & Mutations

You have hoof-like feet.
You are partially covered in thin metallic scales. (AC +2)
A weak demonic guardian rushes to your aid.
You regenerate health from kills.


Message History

You hit the storm dragon.
The storm dragon is lightly wounded.
Your white imp gestures at the storm dragon.
The puff of frost hits the storm dragon.
The storm dragon appears unharmed.
The storm dragon bites you. The storm dragon barely misses you.
The storm dragon tramples you but does no damage.
A red film seems to cover your vision as you go berserk!
You feel yourself moving faster!
You feel mighty!
You are feeling hungry.
The storm dragon bites you.
The storm dragon claws you but does no damage.
The storm dragon tramples you but does no damage.
You slash the storm dragon!
The storm dragon is lightly wounded.
The storm dragon breathes lightning at you.
The bolt of lightning hits you!
* * * LOW HITPOINT WARNING * * *
The bolt of lightning hits you!
You die...

#.#.#.# #..#.# #...
#.########## #..#.# ####...
#.#PP≈P.+).###..#.# #.÷....
#.#P≈≈≈≈#)%#......# #.##...
#.#≈.P≈P##'###..#####.##...
#.#(.)).#..# #........####.
#..≈.(..'.5####.#####.# #.
###.....'.D#..........# #.
#≈....'.@#.##.#####.# #.
#.....#..#....# #.# #.
##########)#### #.# #. ..
#.# #. #. ######.####. #
............. #######......
#####.# #.#


You could see a storm dragon and a friendly white imp.

Vanquished Creatures
  The ghost of Vesto the Conjurer, a novice OpCj (D:6)
  2 dream sheep (D:8)
  2 hippogriffs (D:7)
  2 yaks (D:8)
  The ghost of Toogi the Skirmisher, an amateur DsFi (D:4)
  A hungry ghost (D:3)
  2 orc warriors (D:6)
  An ice beast (D:5)
  A sky beast (D:6)
  A phantom (D:7)
  2 ogres (D:7)
  2 centaurs (D:6)
  The ghost of Oki the Insei, an amateur OpTm (D:3)
  3 big kobolds (D:8)
  5 bullfrogs
  A gnoll sergeant (D:8)
  2 scorpions
  3 wights (D:7)
  2 crimson imps
  2 centaur zombies
  2 jellies
  3 orc priests
  Crazy Yiuf (D:2)
  6 hounds
  2 orc wizards (D:6)
  A bullfrog skeleton (D:5)
  Terence (D:2)
  A centaur skeleton (D:8)
  5 worker ants
  A hound zombie (D:7)
  A hound skeleton (D:6)
  9 adders
  9 gnolls
  A shadow imp (D:8)
  2 worms
  2 dart slugs (D:1)
  3 leopard geckos
  18 orcs
  4 giant cockroaches
  5 goblins
  3 hobgoblins
  15 jackals
  3 quokkas
  2 ball pythons
  5 bats
  2 frilled lizards
  2 jackal skeletons (D:8)
  8 kobolds
  A quokka zombie (D:8)
  5 rats
  A plant (D:8)
161 creatures vanquished.

Vanquished Creatures (collateral kills)
  A black bear (D:4)
  A big kobold (D:8)
  A scorpion (D:6)
  2 wights (D:7)
  An orc (D:3)
  A bat (D:3)
7 creatures vanquished.

Grand Total: 168 creatures vanquished

Notes
Turn   | Place    | Note
-------+----------+-------------------------------------------
     0 | D:1      | Laan the Demonspawn Berserker began the quest for the Orb.
     0 | D:1      | Reached XP level 1. HP: 18/18 MP: 1/1
    28 | D:1      | Reached skill level 3 in Axes
   279 | D:1      | Gained mutation: You are partially covered in thin metallic scales. (AC +2) [demonic ancestry]
   279 | D:1      | Reached XP level 2. HP: 23/24 MP: 2/2
   702 | D:2      | Noticed Terence
   708 | D:2      | Killed Terence
   708 | D:2      | Reached skill level 4 in Axes
   708 | D:2      | Reached XP level 3. HP: 29/29 MP: 3/3
   728 | D:2      | Found a sparkling altar of Nemelex Xobeh.
   792 | D:2      | Found an ancient bone altar of Kikubaaqudgha.
   796 | D:2      | Found a blossoming altar of Fedhas.
   844 | D:2      | Found a runed door.
   945 | D:2      | Noticed Crazy Yiuf
   950 | D:2      | Killed Crazy Yiuf
   950 | D:2      | Gained mutation: A weak demonic guardian rushes to your aid. [demonic ancestry]
   950 | D:2      | Reached XP level 4. HP: 35/35 MP: 4/4
  1398 | D:3      | Noticed Oki's ghost (amateur OpTm)
  1403 | D:3      | Killed Oki's ghost
  1403 | D:3      | Reached ** piety under Trog
  1403 | D:3      | Reached skill level 5 in Axes
  1403 | D:3      | Reached XP level 5. HP: 41/41 MP: 5/5
  1490 | D:3      | Noticed a hungry ghost
  1500 | D:3      | Killed a hungry ghost
  1500 | D:3      | Reached skill level 6 in Axes
  1500 | D:3      | Reached XP level 6. HP: 47/47 MP: 6/6
  2160 | D:4      | Found a staircase to the Ecumenical Temple.
  2183 | D:4      | Reached skill level 7 in Axes
  2281 | D:4      | Found a burning altar of Makhleb.
  2354 | D:4      | Gained mutation: You regenerate a little health from kills. [demonic ancestry]
  2354 | D:4      | Reached XP level 7. HP: 52/52 MP: 7/7
  2559 | D:4      | Noticed Toogi's ghost (amateur DsFi)
  2567 | D:4      | Killed Toogi's ghost
  2567 | D:4      | Reached skill level 8 in Axes
  2913 | D:5      | Entered Level 5 of the Dungeon
  3188 | D:5      | Reached *** piety under Trog
  3321 | D:5      | Found an ornate altar of the Wu Jian Council.
  3325 | D:5      | Found a hide-covered altar of Uskayaw.
  3333 | D:5      | Reached skill level 9 in Axes
  3333 | D:5      | Gained mutation: You have large cloven feet. [demonic ancestry]
  3333 | D:5      | Reached XP level 8. HP: 33/58 MP: 8/8
  3683 | D:6      | Noticed Vesto's ghost (novice OpCj)
  3705 | D:6      | Found an iron altar of Okawaru.
  3900 | D:6      | Reached skill level 10 in Axes
  4137 | D:6      | Found a radiant altar of Vehumet.
  4389 | D:6      | Killed Vesto's ghost
  4389 | D:6      | Reached skill level 11 in Axes
  4389 | D:6      | Gained mutation: You have hoof-like feet. [demonic ancestry]
  4389 | D:6      | Reached XP level 9. HP: 63/63 MP: 9/9
  4723 | D:7      | Reached **** piety under Trog
  4828 | D:7      | Reached skill level 12 in Axes
  4890 | D:7      | Found Selypn's Weapon Emporium.
  5381 | D:8      | Found Foefec's Jewellery Boutique.
  5472 | D:8      | Found Zaud's Gadget Emporium.
  5703 | D:8      | Reached skill level 13 in Axes
  5705 | D:8      | Gained mutation: You regenerate health from kills. [demonic ancestry]
  5705 | D:8      | Reached XP level 10. HP: 70/70 MP: 10/10
  5740 | D:8      | Noticed a two-headed hydra
  5745 | D:8      | Noticed a storm dragon
  5745 | D:8      | a two-headed hydra changed into a storm dragon
  5750 | D:8      | Killed from afar by a storm dragon

Vault maps used:
D:1:      eino_arrival_water_star, serial_corexii_hall,
          corexii_hall_statues_deadend, corexii_hall_statues_u,
          corexii_hall_statues_deadend
D:2:      nemelex_xobeh_ov_fountains_minmay,
          grunt_temple_overflow_growth_and_decay, kennysheep_doodads,
          uniq_terence, uniq_crazy_yiuf_cottage
D:4:      temple_fountains, first_bread, supply_closet_lemuel,
          makhleb_blood_cavern_becter
D:5:      chequers_temple_overflow_statue_of_worship, hangedman_decor_slide_cut
D:6:      vehumet_altar_wand_db, okawaru_ov_weapons_minmay
D:7:      serial_shops, nicolae_shop_behind_doors
D:8:      kennysheep_mini, serial_shops, kennysheep_mini_moat, shop, shop,
          minmay_misc_feat_doors, hangedman_ranch

Skill      XL: |  1  2  3  4  5  6  7  8  9 |
---------------+----------------------------+-----
Axes           | 3 4 5 6 7 9 11 13 | 13.3
Fighting       | |  3.0
Armour         | |  1.8
Dodging        | |  1.7

Action                   |  1- 3 |  4- 6 |  7- 9 | 10-12 || total
-------------------------+-------+-------+-------+-------++-------
Melee: Hand axe          |    73 |   120 |    24 |       ||   217
       War axe           |       |       |   272 |     6 ||   278
Invok: Berserk           |     2 |     3 |     8 |     1 ||    14
Evoke: Wand              |       |       |     1 |     3 ||     4
  Use: Scroll            |       |       |     1 |       ||     1
 Stab: Distracted        |       |       |     2 |       ||     2
  Eat: Chunk             |     1 |     8 |    13 |     2 ||    24
       Meat ration       |       |       |     1 |       ||     1
Armor: Ring mail         |    21 |       |       |       ||    21
       Animal skin       |     2 |       |       |       ||     2
       Chain mail        |    11 |    78 |   166 |       ||   255
       Plate armour      |       |       |     4 |     6 ||    10
Dodge: Dodged            |    49 |    51 |   106 |     1 ||   207
